 Dungeon Crawl Stone Soup version 0.29-a0-998-g1987434951 (webtiles) character file.

Game seed: 1567937097982210974

4 Hubjo the Insei (level 1, -1/15 HPs)
             Began as a Demonspawn Transmuter on July 26, 2022.
             Slain by a goblin
             ... wielding a +0 dagger
              (4 damage)
             ... on level 1 of the Dungeon on Aug 5, 2022.
             The game lasted 00:00:26 (236 turns).

Hubjo the Insei (Demonspawn Transmuter)              Turns: 236, Time: 00:00:26

Health: -1/15      AC:  2    Str: 10    XL:     1   Next: 50%
Magic:  2/3        EV: 12    Int: 14    God:
Gold:   22         SH:  0    Dex: 13    Spells: 3/4 levels left

rFire   . . .      SeeInvis .     - Unarmed
rCold   . . .      Faith    .   (no shield)
rNeg    . . .      Spirit   .   a - +0 robe
rPois   .          Reflect  .   (helmet currently unavailable)
rElec   .          Harm     .   (no cloak)
rCorr   .          Rampage  .   (no gloves)
Will    .....                   (boots currently unavailable)
Stlth   +.........              (no amulet)
HPRegen 0.05/turn               (no ring)
MPRegen 0.08/turn               (no ring)

@: appendages
A: horns 2, talons 2
a: End Transformation


You were on level 1 of the Dungeon.
You had temporarily grown beastly horns and talons.
You visited 1 branch of the dungeon, and saw 1 of its levels.

You collected 22 gold pieces.

Inventory:

Armour
 a - a +0 robe (worn)
Potions
 b - a potion of lignification


   Skills:
 * Level 1.2 Fighting
 - Level 1.7 Dodging
 + Level 2.7 Unarmed Combat
 + Level 2.0 Spellcasting
 + Level 1.8 Transmutations


You had 3 spell levels left.
You knew the following spells:

 Your Spells              Type           Power      Damage    Failure   Level
a - Beastly Appendage     Tmut           12%        N/A       11%         1

Your spell library contained the following spells:

 Spells                   Type           Power      Damage    Failure   Level
 Wereblood                Tmut           6%         N/A       17%         2
 Spider Form              Tmut/Pois      4%         N/A       43%         3
 Ice Form                 Ice/Tmut       4%         N/A       85%         4


Dungeon Overview and Level Annotations

Branches:
Dungeon (1/15)

Altars:


Innate Abilities, Weirdness & Mutations

You have temporarily grown beastly horns and talons.


Message History

No target in view!
No target in view!
No target in view!
No target in view!
No target in view!
No target in view!
Your horns disappear.
Your talons disappear.
You now have 22 gold pieces (gained 12).
A kobold comes into view. It is wielding a +3 short sword.
The kobold shouts!
A kobold is nearby!
A kobold is nearby!
A kobold is nearby!
You grow a pair of large bovine horns.
Your feet morph into talons.
An endoplasm comes into view.
A goblin comes into view. It is wielding a +0 dagger.
You miss the kobold.
The goblin shouts!
Your kick misses the kobold.
You hear a shout!
A hobgoblin comes into view.
The kobold hits you with a +3 short sword.
You hear a bark!
You closely miss the kobold. Your kick misses the kobold.
The kobold closely misses you.
You hit the kobold but do no damage. You claw the kobold, but do no damage.
The kobold hits you with a +3 short sword.
The goblin barely misses you.
You are too injured to fight recklessly!
You are too injured to fight recklessly!
Welcome back, Hubjo the Demonspawn Transmuter.
Press ? for a list of commands and other information.
You hit the kobold.
The kobold is severely wounded.
The kobold completely misses you. The goblin hits you with a +0 dagger.
* * * LOW HITPOINT WARNING * * *
You hit the kobold.
You kill the kobold!
The goblin hits you with a +0 dagger.
You die...

#..# ..# .#..... ..### .......
.... #....## ##g.### # #.....
..... #. #..... #Jg#
#..#....########@.####.
...(....................
#..........##..####.#
#.....####.##..# # #
#..............# # #.
##+##.####.##..# #. .....#
#..##.......#.##..####.##.#.....#
................... ....#.#.....#
#.###.............# #.........(#


You could see an endoplasm, a hobgoblin and a goblin.

Vanquished Creatures
  2 endoplasms (D:1)
  A kobold (D:1)
  A ball python (D:1)
  A bat (D:1)
5 creatures vanquished.

Notes
Turn   | Place    | Note
-------+----------+-------------------------------------------
     0 | D:1      | Hubjo the Demonspawn Transmuter began the quest for the
                  | Orb.
     0 | D:1      | Reached XP level 1. HP: 15/15 MP: 3/3
   235 | D:1      | Upgraded the game from 0.29-a0-919-gd064cfad1c to
                  | 0.29-a0-998-g1987434951
   236 | D:1      | Slain by a goblin

Illustrated notes

Levels and vault maps discovered:
D:1:      co_arrival_two_rings, layout_basic

Action                   || total
-------------------------++-------
Melee: Unarmed           ||    13
       Kick              ||     2
       Headbutt          ||     1
       Punch             ||     1
 Cast: Beastly Appendage ||     3
Armor: Robe              ||     4
Dodge: Dodged            ||    11

Table legend: (Time is in decaauts)
 A = Elapsed time spent in this place.
 B = Non-inter-level travel time spent in this place.
 C = Inter-level travel time spent in this place.
 D = Time resting spent in this place.
 E = Time spent auto-exploring this place.
 F = Levels seen in this place.
 G = Mean time per level.
                   A        B        C        D        E       F      G
               +--------+--------+--------+--------+--------+-----+--------+
         Total |    235 |    235 |      0 |      0 |    202 |   1 |  235.0 |
       Dungeon |    235 |    235 |      0 |      0 |    202 |   1 |  235.0 |
               +--------+--------+--------+--------+--------+-----+--------+

Top non-repeatable levels by time:
     D:1: 235 daAuts
